Map: Deathaura LE

Players

IlllIIIlIIII - Winner!

  • Race: Zerg Zerg
  • League: Diamond
  • Spawn Location: 5:00

Massa

  • Race: Terran Terran
  • League: Platinum
  • Spawn Location: 11:00

VOD

Have the link to the VOD?

Description

Time

  • Played on: Sept. 27, 2020, 7:23 a.m.
  • Length: 24:14
Show
View Real Time Build Order
Export as new Build Order

IlllIIIlIIII Zerg - Winner!

Build Orders: Pool First 

Get SALT Encoding   

  12  0:02  Drone  
  13  0:10  Drone  
  14  0:17  Overlord  
  15  0:35  Drone x3  
  17  0:47  Spawning Pool  
  17  0:49  Extractor  
  15  0:51  Drone  
  15  0:56  Extractor  
  15  0:58  Drone  
  16  1:08  Drone  
  17  1:28  Drone  
  17  1:30  Hatchery  
  17  1:34  Zergling x2  
  18  1:45  Queen  
  20  1:50  Drone  
  21  1:58  Drone  
  22  2:04  Overlord  
  22  2:15  Overlord  
  22  2:23  Lair  
  21  2:31  Metabolic Boost  
  21  2:36  Drone  
  22  2:40  Drone  
  23  2:45  Zergling x2  
  23  2:50  Drone  
  25  2:56  Zergling x2  
  26  2:58  Drone  
  26  3:04  Drone  
  26  3:05  Drone  
  29  3:07  Drone  
  29  3:11  Drone  
  31  3:13  Drone  
  31  3:18  Drone  
  33  3:38  Drone  
  33  3:39  Drone x5  
  39  3:47  Queen  
  41  3:55  Drone x2, Hydralisk Den  
  43  4:00  Extractor  
  43  4:01  Overlord  
  43  4:02  Extractor  
  40  4:05  Overseer  
  40  4:08  Pneumatized Carapace  
  40  4:12  Drone x3  
  40  4:14  Overlord  
  43  4:22  Overlord  
  43  4:24  Drone, Infestation Pit  
  43  4:31  Overseer  
  43  4:33  Hydralisk  
  44  4:38  Zergling x2  
  44  4:41  Hydralisk x3  
  43  4:57  Hydralisk x3  
  47  5:10  Hydralisk x3  
  53  5:15  Drone  
  53  5:16  Drone  
  55  5:30  Nydus Network  
  55  5:31  Drone  
  55  5:32  Drone x2  
  55  5:33  Drone  
  58  5:49  Drone  
  59  5:50  Drone x5  
  59  5:55  Grooved Spines  
  64  5:59  Drone x2  
  66  6:08  Nydus Canal  
  66  6:15  Zergling x4  
  68  6:18  Overlord  
  68  6:19  Overlord  
  67  6:38  Zergling x2  
  67  6:39  Zergling x14  
  65  6:55  Drone x4  
  64  7:09  Hatchery  
  64  7:11  Hydralisk x3  
  68  7:22  Drone  
  68  7:23  Drone x2  
  68  7:36  Hatchery, Hive  
  64  7:39  Evolution Chamber  
  64  7:40  Spire  
  61  7:50  Drone x5  
  66  7:53  Queen  
  68  8:00  Nydus Canal  
  68  8:03  Extractor  
  65  8:14  Muscular Augments  
  65  8:16  Drone  
  65  8:17  Drone x7  
  73  8:36  Drone  
  73  8:37  Drone x6  
  75  8:57  Extractor, Queen  
  75  8:59  Queen  
  75  9:00  Extractor  
  75  9:01  Drone x8  
  85  9:04  Extractor  
  85  9:06  Nydus Canal  
  84  9:19  Overlord  
  84  9:26  Zerg Missile Weapons Level 1  
  84  9:28  Greater Spire, Evolution Chamber  
  84  9:29  Adrenal Glands  
  83  9:34  Evolution Chamber  
  83  9:36  Hatchery  
  83  9:37  Evolution Chamber  
  80  9:44  Drone  
  80  9:45  Drone x14  
  95  9:48  Overseer  
  95  9:58  Hydralisk x4  
  103  10:00  Nydus Canal  
  103  10:06  Zerg Melee Weapons Level 1  
  103  10:07  Zerg Ground Armor Level 1  
  103  10:12  Zergling x2  
  103  10:13  Overlord x2  
  104  10:21  Baneling Nest  
  103  10:29  Ultralisk Cavern  
  103  10:30  Hydralisk  
  103  10:31  Lurker Den  
  103  10:32  Infestor x2  
  103  10:33  Hydralisk x2  
  111  10:35  Zergling x2  
  111  10:36  Zergling x2, Infestor x2, Swarm Host  
  111  10:38  Burrow  
  111  10:41  Roach Warren  
  111  10:42  Zergling x2  
  120  10:43  Overlord  
  120  10:44  Overlord x2  
  120  10:48  Queen  
  122  10:53  Drone, Overlord x2  
  123  11:01  Overlord x2  
  123  11:06  Centrifical Hooks  
  123  11:16  Anabolic Synthesis  
  123  11:20  Drone x2  
  123  11:21  Drone, Zergling x4  
  123  11:22  Roach x2  
  123  11:23  Ultralisk x2  
  144  11:26  Ultralisk  
  144  11:30  Extractor  
  149  11:36  Mutalisk x3, Roach  
  157  11:40  Ultralisk  
  157  11:43  Adaptive Talons  
  163  11:54  Overlord, Roach x2  
  163  11:55  Roach x2  
  163  11:58  Chitinous Plating  
  163  12:00  Drone  
  163  12:01  Drone x5  
  177  12:10  Drone x5  
  177  12:11  Extractor, Overlord x2  
  181  12:26  Corruptor x4  
  181  12:28  Overlord x3  
  189  12:34  Drone x6  
  195  12:37  Ravager  
  195  12:38  Ravager x4  
  195  12:41  Seismic Spines  
  200  12:45  Overlord x4  
  200  13:01  Overlord x8  
  200  13:02  Overlord  
  200  13:12  Zerg Missile Weapons Level 2  
  200  13:13  Zerg Ground Armor Level 2  
  200  13:15  Zerg Flyer Weapons Level 1  
  200  13:17  Zerg Melee Weapons Level 2  
  200  13:21  Spire  
  199  13:30  Lair  
  196  13:36  Baneling  
  196  13:37  Baneling x5  
  196  13:42  Spire  
  195  14:09  Hatchery  
  194  14:12  Hatchery  
  193  14:18  Zergling x2  
  193  14:19  Zergling x10  
  199  14:34  Hatchery  
  199  14:35  Unknown  
  183  15:02  Zergling x14  
  183  15:03  Zergling x22  
  199  15:08  Overseer  
  199  15:09  Overseer x16  
  199  15:19  Overlord x10  
  199  15:29  Overlord  
  199  15:30  Overlord x2  
  199  15:39  Overlord  
  199  15:49  Extractor  
  198  15:52  Extractor  
  167  16:46  Corruptor x13  
  167  16:47  Corruptor x4  
  176  16:50  Zerg Missile Weapons Level 3  
  176  16:51  Zerg Flyer Armor Level 1, Zerg Flyer Weapons Level 2  
  176  16:52  Zerg Ground Armor Level 3  
  176  16:54  Zerg Melee Weapons Level 3  
  198  17:06  Overlord  
  198  17:07  Overlord x16  
  186  17:37  Brood Lord  
  186  17:38  Brood Lord x6  
  200  17:56  Nydus Canal  
  200  18:18  Nydus Canal  
  186  19:16  Drone x4  
  186  19:17  Drone x10  
  200  19:34  Overlord  
  200  19:35  Overlord x6  
  200  19:47  Overlord  
  200  19:48  Overlord x17  
  200  20:05  Unknown  
  199  20:10  Nydus Canal  
  199  20:27  Nydus Canal  
  199  20:44  Lurker  
  167  22:55  Zergling x22  
  167  22:56  Zergling x26  
  191  23:00  Overseer x4  
  191  23:22  Baneling  
  191  23:23  Baneling x17  
  191  23:35  Overseer x3  
  191  23:52  Unknown  
  191  23:55  Unknown  
  189  24:01  Spine Crawler x2, Spore Crawler  
Show
View Real Time Build Order
Export as new Build Order

Massa Terran 

Build Orders:  

Get SALT Encoding   

  12  0:00  SCV  
  13  0:12  SCV  
  14  0:17  Supply Depot  
  14  0:25  SCV  
  15  0:38  SCV  
  15  0:40  Barracks  
  16  0:50  SCV  
  17  0:58  Refinery  
  17  1:03  SCV  
  18  1:15  SCV  
  19  1:27  Marine  
  19  1:30  Orbital Command  
  20  1:41  Command Center  
  20  1:45  Reaper  
  22  2:01  SCV  
  22  2:13  SCV  
  23  2:39  Factory  
  23  2:41  Barracks Reactor  
  23  2:42  Supply Depot  
  23  2:51  Command Center  
  23  2:52  SCV, Orbital Command  
  24  3:04  SCV  
  25  3:16  SCV  
  25  3:18  SCV  
  27  3:29  SCV  
  27  3:30  SCV  
  27  3:32  Starport, Hellion x2  
  33  3:46  SCV x2  
  35  3:51  Barracks Tech Lab  
  35  3:53  Hellion x2  
  39  3:58  SCV x2  
  39  3:59  Barracks  
  41  4:03  Supply Depot  
  41  4:09  Orbital Command  
  41  4:10  SCV  
  41  4:11  SCV  
  41  4:15  Hellion x2  
  47  4:36  Hellion x2  
  47  5:04  Widow Mine x2  
  47  5:05  Marauder  
  47  5:06  Stimpack  
  53  5:07  SCV x3  
  56  5:15  Starport Reactor  
  56  5:19  SCV x2  
  56  5:21  Orbital Command  
  58  5:22  Refinery  
  58  5:25  Refinery, Widow Mine  
  58  5:26  Refinery, Marauder  
  62  5:39  SCV x2  
  64  5:51  SCV  
  64  5:52  SCV  
  64  5:53  SCV  
  64  5:55  Supply Depot  
  67  5:57  Supply Depot  
  67  5:59  Supply Depot  
  67  6:03  SCV  
  67  6:04  SCV  
  69  6:06  Barracks Reactor  
  69  6:14  Supply Depot x2  
  69  6:16  SCV, Engineering Bay  
  69  6:17  SCV x2  
  72  6:19  Supply Depot  
  72  6:21  Supply Depot  
  72  6:23  Supply Depot  
  72  6:27  Medivac x2  
  72  6:29  SCV x3  
  78  6:35  Marauder, Marine  
  72  6:41  SCV x3  
  72  6:45  Hellion x2  
  63  6:53  SCV, Marine  
  56  6:56  Marauder  
  55  7:06  Hellion x2  
  47  7:10  Liberator  
  47  7:11  Marine  
  32  7:25  Barracks  
  32  7:26  Barracks  
  32  7:27  Hellion  
  32  7:29  Marine  
  28  7:36  Hellion  
  21  7:40  SCV x3  
  19  7:52  SCV  
  19  7:53  SCV x2  
  15  8:15  Hellion x2, Barracks  
  15  8:17  Barracks, Marine  
  15  8:18  Marine  
  21  8:35  Marine  
  20  8:45  SCV x3  
  19  8:57  SCV x2  
  19  8:58  SCV  
  22  9:05  Marine x4  
  26  9:22  Factory  
  26  9:23  Terran Infantry Armor Level 1, Marine x4  
  30  9:41  Marine x2  
  30  9:42  SCV  
  30  9:43  SCV x2  
  35  9:54  SCV  
  35  9:55  SCV x2  
  38  10:06  SCV  
  39  10:07  SCV x2  
  41  10:14  Factory Tech Lab  
  41  10:18  SCV  
  41  10:19  SCV x2  
  44  10:23  Missile Turret  
  44  10:29  Missile Turret  
  44  10:30  SCV  
  44  10:31  SCV  
  44  10:32  Refinery  
  44  10:35  SCV  
  47  10:38  Refinery  
  47  10:42  Marine x4  
  51  10:43  SCV x2  
  51  10:45  Missile Turret  
  51  10:47  SCV  
  54  10:50  Missile Turret  
  54  10:55  SCV x2  
  56  10:59  SCV  
  56  11:00  Marine x2  
  59  11:06  Missile Turret  
  59  11:07  SCV x2  
  59  11:11  SCV, Missile Turret  
  62  11:16  Widow Mine  
  64  11:19  SCV x2  
  64  11:23  SCV  
  67  11:27  Barracks Tech Lab  
  67  11:28  Barracks Reactor, Marine x2  
  67  11:31  SCV  
  67  11:32  SCV  
  71  11:33  Missile Turret  
  71  11:35  SCV  
  71  11:37  Widow Mine  
  74  11:43  SCV  
  74  11:44  SCV  
  74  11:46  Marine x2  
  78  12:00  Starport  
  78  12:04  Marine  
  78  12:06  Barracks  
  78  12:07  Concussive Shells  
  80  12:22  Marine  
  80  12:26  Sensor Tower  
  80  12:29  Sensor Tower  
  80  12:31  Siege Tank  
  80  12:35  Barracks Tech Lab  
  83  12:40  Marine  
  84  12:44  SCV x3  
  84  12:50  Combat Shield  
  87  12:52  Marauder  
  87  12:53  Marine x3  
  87  12:56  SCV x3  
  95  13:08  SCV x3  
  95  13:10  Viking x2  
  102  13:13  Marauder  
  102  13:17  Refinery x2  
  104  13:22  Command Center  
  104  13:25  Marauder x2, Marine x3  
  109  13:35  Marauder  
  109  13:40  Medivac  
  113  13:43  Marine x2  
  113  13:44  Siege Tank  
  113  13:47  Marauder x2  
  122  13:56  Marauder  
  122  13:58  Terran Infantry Weapons Level 1  
  122  14:01  Marine  
  122  14:02  Armory  
  125  14:09  Barracks Reactor  
  125  14:19  Supply Depot  
  125  14:20  Supply Depot  
  125  14:21  Supply Depot  
  125  14:24  Supply Depot  
  125  14:27  Supply Depot  
  125  14:28  Supply Depot  
  125  14:31  Supply Depot  
  125  14:33  Marine x2  
  125  14:34  Marauder x3  
  125  14:35  Engineering Bay  
  131  14:43  Supply Depot  
  131  14:45  Supply Depot x2  
  127  14:48  Siege Tank  
  127  14:49  Supply Depot  
  127  14:51  Marine, Supply Depot  
  123  14:54  Marine  
  123  14:55  Supply Depot  
  123  14:57  Supply Depot  
  87  15:20  Siege Tank  
  90  15:21  Command Center  
  90  15:22  Marauder x3, Marine  
  90  15:23  Marine x2  
  99  15:33  Supply Depot  
  99  15:43  Marauder x2  
  99  15:47  SCV  
  99  15:48  SCV  
  105  15:50  Orbital Command  
  105  15:53  Siege Tank  
  105  15:56  Terran Infantry Armor Level 2, Terran Infantry Weapons Level 2, Supply Depot  
  108  15:59  SCV  
  108  16:00  SCV  
  110  16:12  Medivac x2  
  109  16:42  Viking x2  
  113  16:58  Widow Mine  
  115  17:18  Sensor Tower  
  115  17:19  Widow Mine  
  117  17:25  Refinery  
  117  17:37  Command Center  
  117  17:39  Terran Vehicle And Ship Armor Level 1  
  117  17:41  Widow Mine  
  119  18:02  Widow Mine  
  121  18:24  Widow Mine  
  123  18:40  Terran Infantry Weapons Level 3, Terran Infantry Armor Level 3  
  103  19:04  Viking x2  
  96  19:12  Siege Tank  
  96  19:15  Marauder x3, Marine  
  96  19:16  Marine x3  
  108  19:33  Marine  
  108  19:34  Marine x3, Viking x2  
  108  19:36  Marauder  
  108  19:37  Marauder x2  
  122  19:44  Siege Tank  
  125  19:45  Missile Turret  
  125  19:46  Missile Turret  
  125  19:48  Missile Turret x2  
  125  19:49  Missile Turret  
  125  19:50  Missile Turret  
  125  19:51  Marine, Missile Turret  
  125  19:52  Marine x3  
  129  19:58  Marauder x3  
  135  20:09  Marine x4, Planetary Fortress  
  139  20:17  Command Center  
  139  20:19  Marauder x3  
  145  20:27  Marine  
  146  20:40  Marauder  
  146  20:41  Marauder x2  
  152  20:56  Viking x2  
  156  21:02  Marauder  
  150  21:26  Viking x2  
  152  21:55  Marauder x3, Marine  
  152  21:56  Marine x3, Viking x2  
  145  22:16  Marauder x3  
  140  22:26  Viking x2  
  140  22:28  Marine  
  140  22:29  Marine x3  
  102  22:37  Marauder  
  102  22:38  Marauder x2  
  107  22:46  Marine  
  107  22:47  Marine x2  
  93  22:54  Planetary Fortress  
  93  22:56  Viking x2  
  93  22:58  SCV  
  98  22:59  SCV x2, Marauder x2  
  104  23:10  SCV  
  104  23:11  SCV  
  106  23:13  Marauder  
  106  23:14  Marine  
  109  23:20  Marauder x2  
  109  23:25  Command Center  
  113  23:55  Marine x4  
Tags
 
Matchup
TvZ
Opening
Pool First
Replay Pack
Multiplayer
Spawn Locations
Cross Positions
Add a new tag
Caveats
  • Supply blocks, unpowered buildings, or Contaminate may cause inaccurate times.
  • Supply counts are checked every 10 seconds.